 Dungeon Crawl Stone Soup version 0.29.1-2-gbd0b4ee654 (webtiles) character file.

Game seed: 15631089134883589234

17 DildoBatman the Conjurer (level 2, -1/20 HPs)
             Began as a Formicid Conjurer on Nov 23, 2022.
             Slain by a rat (2 damage)
             ... on level 2 of the Dungeon.
             The game lasted 00:02:09 (1060 turns).

DildoBatman the Conjurer (Formicid Conjurer)        Turns: 1060, Time: 00:02:10

Health: -1/20      AC:  2    Str: 11    XL:     2   Next: 80%
Magic:  5/5        EV: 12    Int: 17    God:
Gold:   100        SH:  0    Dex: 12    Spells: 2/5 levels left

rFire   . . .      SeeInvis +   i - +0 short sword (speed)
rCold   . . .      Faith    .   (no shield)
rNeg    . . .      Spirit   .   a - +0 robe
rPois   .          Reflect  .   (helmet unavailable)
rElec   .          Harm     .   (no cloak)
rCorr   .          Rampage  .   (no gloves)
Will    .....                   (no boots)
Stlth   ++........              (no amulet)
HPRegen 0.06/turn               (no ring)
MPRegen 0.09/turn               (no ring)

@: no status effects
A: permanent stasis, dig shafts and tunnels, antennae 3, four strong arms
a: Dig, Shaft Self


You were on level 2 of the Dungeon.
You visited 1 branch of the dungeon, and saw 2 of its levels.

You collected 100 gold pieces.

Inventory:

Hand Weapons
 d - a +0 mace
 i - a +0 short sword of speed (weapon)
Missiles
 e - 7 stones
 f - 3 poisoned darts
Armour
 a - a +0 robe (worn)
Scrolls
 c - 2 scrolls of teleportation {unknown}
 h - a scroll of enchant weapon {unknown}
Potions
 b - a potion of magic
 g - a potion of haste {unknown}


   Skills:
 * Level 0.3 Fighting
 * Level 0.3 Armour
 * Level 1.8 Dodging
 - Level 2.4 Stealth
 * Level 2.2 Spellcasting
 * Level 4.1 Conjurations


You had 2 spell levels left.
You knew the following spells:

 Your Spells              Type           Power      Damage    Failure   Level
a - Searing Ray           Conj           30%        2d5       5%          2
c - Magic Dart            Conj           60%        1d6       3%          1

Your spell library contained the following spells:

 Spells                   Type           Power      Damage    Failure   Level
 Dazzling Flash           Conj/Hex       16%        N/A       24%         3
 Fulminant Prism          Conj/Hex       4%         3d6       63%         4
 Iskenderun's Mystic Bla  Conj/Tloc      8%         2d4       63%         4
 Statue Form              Tmut/Erth      0%         N/A       100%        6
 Blink                    Tloc           Unusable   N/A       N/A         2

Dungeon Overview and Level Annotations

Branches:
Dungeon (2/15)

Altars:

Annotations:
D:2 Jessica


Innate Abilities, Weirdness & Mutations

You cannot be hasted, slowed, berserked, paralysed or teleported.
You can dig through walls and to a lower floor.
You have a pair of large antennae on your head. (SInv)
Your four strong arms can wield two-handed weapons with a shield.


Message History

You shout for attention!
What are your orders? t - Shout!
Orders for allies: a - Attack new target. r - Retreat! s - Stop attacking. g - Guard the area. f - Follow me.
Anything else - Cancel.
You shout for attention!
You hear an angry hiss.
A ball python comes into view.
You hit the rat but do no damage. The rat closely misses you.
The rat attacks as you move away! The rat closely misses you.
Jessica the Apprentice Sorceress comes into view.
She is wielding a +0 dagger.
Jessica points at you and mumbles some strange words.
You resist with some effort. The rat bites you but does no damage.
The rat attacks as you move away! The rat bites you.
Jessica closely misses you. The rat attacks as you move away!
The rat barely misses you. Jessica hits you with a +0 dagger.
The rat attacks as you move away! The rat bites you.
Jessica points at you and mumbles some strange words.
Pain shoots through your body! The rat attacks as you move away!
The rat barely misses you. The rat attacks as you move away!
The rat closely misses you. The rat attacks as you move away!
The rat bites you. The rat attacks as you move away! The rat bites you.
A bat comes into view.
The rat attacks as you move away! The rat bites you.
You die...

# ####.# #####......
###.....#....
#...#<.......
###.#.#@b......
#.....#r###.##. {#
#.#...S@....# .#
#.......##### ..#
###.##..# ...#
#.##..######..[.# #
#.##..##...†....#
....##..##.##.###...
...........# .#


You could see Jessica, a bat, a ball python and a rat.

Vanquished Creatures
  A bat (D:1)
  4 endoplasms (D:1)
  A goblin (D:1)
  2 hobgoblins (D:1)
  A quokka (D:1)
  2 ball pythons (D:1)
  A frilled lizard (D:1)
  3 kobolds (D:1)
  A rat (D:2)
16 creatures vanquished.

Notes
Turn   | Place    | Note
-------+----------+-------------------------------------------
     0 | D:1      | DildoBatman the Formicid Conjurer began the quest for the
                  | Orb.
     0 | D:1      | Reached XP level 1. HP: 13/13 MP: 3/3
    10 | D:1      | Got the Almanac of the Changing Tesseract
   296 | D:1      | Reached XP level 2. HP: 19/19 MP: 1/5
   299 | D:1      | Learned a level 2 spell: Searing Ray
   324 | D:1      | Reached skill level 4 in Conjurations
  1047 | D:2      | Noticed Jessica
  1057 | D:2      | HP: 1/20 [rat (3)]
  1060 | D:2      | Slain by a rat

Illustrated notes

Levels and vault maps discovered:
D:1:      spicycebolla_green_bress_n_ham_2, layout_basic, minmay_hedge_maze
D:2:      layout_basic, basic_altar, minmay_misc_feat_room,
          uniq_crazy_yiuf_cottage, uniq_jessica

Skill      XL: |  1  2 |
---------------+-------+-----
Conjurations   | 4 |  4.1
Fighting       | |  0.3
Armour         | |  0.3
Dodging        | |  1.8
Stealth        | |  2.4
Spellcasting   | |  2.2

Action                   || total
-------------------------++-------
Melee: Short sword       ||     7
       Mace              ||     2
 Cast: Magic Dart        ||    21
       Searing Ray       ||     2
 Stab: Sleeping          ||     1
Armor: Robe              ||     3
Dodge: Dodged            ||     8
